 Dungeon Crawl Stone Soup version 0.31.0-32-g396128a36d (webtiles) character file.

Game seed: 8999116943996677605

9 SaintCanti the Grave Robber (level 2, -13/17 HPs)
             Began as an Octopode Necromancer on Apr 20, 2024.
             Killed by an exploding goblin skeleton (29 damage)
             ... ignited by their inner flame
             ... on level 1 of the Dungeon.
             The game lasted 00:01:16 (318 turns).

SaintCanti the Grave Robber (Octopode Necromancer)   Turns: 318, Time: 00:01:19

Health: -13/17     AC:  1    Str:  7    XL:     2   Next: 16%
Magic:  4/5        EV: 13    Int: 17    God:
Gold:   9          SH:  0    Dex: 12    Spells: 4/5 levels left

rFire   . . .        g - +1 dagger (drain)
rCold   . . .        f - orb {mayhem}
rNeg    . . .        (helmet restricted)
rPois   .            (no amulet)
rElec   .            (no ring)
rCorr   .            (no ring)
SInv    .            (no ring)
Will    .....        (no ring)
Stlth   +++          (no ring)
HPRegen 0.22/turn    (no ring)
MPRegen 0.09/turn    (no ring)
                     (no ring)

%: mayhem
@: no status effects
A: almost no armour, amphibious, 8 rings, camouflage 1, gelatinous body 1,
(nimble swimmer 1), tentacles
a: no special abilities


You were on level 1 of the Dungeon.
You visited 1 branch of the dungeon, and saw 1 of its levels.

You collected 9 gold pieces.

Inventory:

Hand Weapons
 g - a +1 dagger of draining (weapon)
Armour
 f - an orb of mayhem (worn)
Scrolls
 d - 2 scrolls of identify {unknown}
Potions
 a - a potion of magic
 b - a potion of curing {unknown}
 e - a potion of haste {unknown}


   Skills:
 + Level 2.1 Dodging
 * Level 2.7 Stealth
 + Level 2.0 Spellcasting
 * Level 4.4 Necromancy


You had 4 spell levels left.
You knew the following spells:

 Your Spells              Type           Power      Damage    Failure   Level
a - Necrotise             Necr           64%        1d7       3%          1

Your spell library contained the following spells:

 Spells                   Type           Power      Damage    Failure   Level
 Vampiric Draining        Necr           16%        2d7       10%         3
 Ensorcelled Hibernation  Hex/Ice        2%         N/A       28%         2
 Animate Dead             Necr           16%        N/A       32%         4
 Passwall                 Erth           1%         N/A       50%         3
 Swiftness                Air            1%         N/A       50%         3
 Curse of Agony           Necr           16%        N/A       65%         5


Dungeon Overview and Level Annotations

Branches:
Dungeon (1/15)

Altars:


Innate Abilities, Weirdness & Mutations

You cannot wear most types of armour.
You are amphibious.
You can wear up to eight rings at the same time.
Your skin changes colour to match your surroundings (Stealth+).
Your rubbery body absorbs attacks. (AC +1, EV +1)
((You are camouflaged when in or above water. (Stealth+)))
You have tentacles for arms and can constrict up to eight enemies at once.


Message History

The ball python hisses angrily.
The ball python writhes in agony.
You kill the ball python!
The dead are slithering!
Found 8 gold pieces.
You swap places.
Found a helmet.
Found a stone staircase leading down.
You see here a +1 dagger of draining.
g - a +1 dagger of draining You sense an unholy aura.
g - a +1 dagger of draining (weapon)
You now have 9 gold pieces (gained 8).
Your ball python skeleton crumbles into dust!
A goblin comes into view. It is wielding a +0 club.
Aiming: Necrotise (safe; 3% risk of failure)
Press: ? - help, Q - select action Shift-Dir - straight line, f - goblin
Aim: a goblin, wielding a +0 club (asleep, chance to affect: 86%)
The goblin shouts!
The goblin writhes in agony.
You kill the goblin!
The dead are walking!
You hear a shout! x2
A hobgoblin comes into view.
A kobold comes into view. It is wielding a +0 short sword.
The kobold throws a stone.
The stone hits your goblin skeleton.
Your goblin skeleton hits the kobold but does no damage.
The kobold hits your goblin skeleton with a +0 short sword.
The kobold throws a stone.
The stone barely misses your goblin skeleton.
The stone hits you.
Your goblin skeleton hits the kobold.
Okay, then.
As you read the scroll labelled RYININ EFERGH, it crumbles to dust.
The creatures around you are filled with an inner flame!
It was a scroll of immolation.
The kobold hits your goblin skeleton with a +0 short sword.
Your goblin skeleton explodes!
The fiery explosion engulfs you!!
Ouch! That really hurt!
You die...

#.. ##.### .....
#..## #... #.
#...# #..# # #
#.##.#.# #..##
.#...
#.#....###..§#K8.#
#...........@.#
#.#....###.##§#
#......###.#.##...
#.................
#......###.#######
#.#....# #.#
#.###..# #.#
##.###..# ..#
##.#.##..# .##


You could see a kobold (inner flame).

Vanquished Creatures
  A bat (D:1)
  A giant cockroach (D:1)
  A goblin (D:1)
  A hobgoblin (D:1)
  3 ball pythons (D:1)
  A kobold (D:1)
8 creatures vanquished.

Vanquished Creatures (collateral kills)
  A ball python (D:1)
1 creature vanquished.

Grand Total: 9 creatures vanquished

Notes
Turn   | Place    | Note
-------+----------+-------------------------------------------
     0 | D:1      | SaintCanti the Octopode Necromancer began the quest for the
                  | Orb.
     0 | D:1      | Reached XP level 1. HP: 11/11 MP: 3/3
   198 | D:1      | Reached XP level 2. HP: 13/17 MP: 1/5
   318 | D:1      | Killed by an exploding goblin skeleton... ignited by their
                  | inner flame

Illustrated notes

Levels and vault maps discovered:
D:1:      roadster_arrival_rocket_large, layout_loops_ring, minmay_pentomino_r4

Action                     || total
---------------------------++-------
  Melee: Unarmed           ||     2
         Constrict         ||     1
   Cast: Necrotise         ||    10
    Use: Scroll            ||     1
 Armour: Skin              ||     6
  Dodge: Dodged            ||     9
